 Dungeon Crawl Stone Soup version 0.20-a0-296-gf222164 (webtiles) character file.

936 tboon the Chopper (level 7, -3/62 HPs)
             Began as a Minotaur Fighter on Dec 14, 2016.
             Slain by a sky beast (6 damage)
             ... on level 5 of the Dungeon.
             The game lasted 00:07:49 (2718 turns).

tboon the Chopper (Minotaur Fighter)                Turns: 2718, Time: 00:07:50

Health: -3/62      AC:  7    Str: 21    XL:     7   Next: 87%
Magic:  6/6        EV: 11    Int:  6    God:
Gold:   210        SH:  0    Dex: 10    Spells: 6/6 levels left

rFire  x . .     SeeInvis .     a - +0 war axe
rCold  + . .     Gourm    .     b - +0 scale mail
rNeg   . . .     Faith    .     (no shield)
rPois  .         Spirit   .     (helmet restricted)
rElec  .         Reflect  .     (no cloak)
rCorr  .         Harm     .     (no gloves)
MR     .....                    (no boots)
Stlth  ..........               (no amulet)
                                (no ring)
                                n - ring of ice {rC+, rF-}

@: no status effects
A: retaliatory headbutt, horns 2
a: no special abilities


You were on level 5 of the Dungeon.
You were not hungry.

You visited 1 branch of the dungeon, and saw 5 of its levels.

You collected 210 gold pieces.

Inventory:

Hand Weapons
 a - a +0 war axe (weapon)
Armour
 b - a +0 scale mail (worn)
Jewellery
 n - a ring of ice (left hand) {rC+, rF-}
   (You found it on level 3 of the Dungeon)
Scrolls
 c - a scroll of fear {unknown}
 e - a scroll of enchant armour {unknown}
 h - a scroll of identify
 j - a scroll of blinking {unknown}
 l - 3 scrolls of remove curse
 o - 5 scrolls of teleportation
 t - a scroll of noise {unknown}
 w - a scroll of fog {unknown}
 y - a scroll of magic mapping {unknown}
Potions
 i - a potion of curing {unknown}
 p - 2 potions of flight
 q - 2 potions of brilliance {unknown}
 s - a potion of ambrosia {unknown}
 u - a potion of mutation {unknown}
 v - a potion of degeneration {unknown}
 x - a potion of might
Comestibles
 d - 2 beef jerkies
 f - 6 bread rations
 g - 2 slices of pizza
 k - 3 meat rations
 r - 4 fruits


   Skills:
 + Level 5.9 Fighting
 * Level 7.2 Axes
 + Level 6.0 Armour
 + Level 4.1 Dodging
   Level 3.6 Shields


You had 6 spell levels left.
You didn't know any spells.

Dungeon Overview and Level Annotations

Branches:
Dungeon (5/15)
 Temple: D:4-7

Altars:
Elyvilon
Kikubaaqudgha
Makhleb
Xom
The Shining One


Innate Abilities, Weirdness & Mutations

You reflexively headbutt those who attack you in melee.
You have a pair of horns on your head.


Message History

Your scale mail prevents you from hitting the giant cockroach.
The crimson imp blinks!
The giant cockroach bites you. The centaur zombie hits you.
The jackal bites you.
You hit the centaur zombie. You headbutt the centaur zombie.
The centaur zombie is moderately damaged.
You barely miss the giant cockroach. You hit the jackal.
You kill the jackal!
The giant cockroach bites you but does no damage.
The centaur zombie hits you.
The centaur skeleton hits you but does no damage.
The giant cockroach completely misses you.
You furiously retaliate!
You headbutt the giant cockroach!
You kill the giant cockroach!
The jackal bites you but does no damage.
The centaur zombie barely misses you.
The crimson imp grinds its teeth.
You slash the centaur zombie!
The centaur zombie is severely damaged.
You closely miss the jackal.
You hit the leopard gecko skeleton but do no damage.
You hit the centaur skeleton. The centaur skeleton hits you.
The jackal bites you but does no damage.
The centaur zombie hits you but does no damage.
The crimson imp puffs mist at you.
The crimson imp blinks!
The leopard gecko skeleton bites you.
You are too injured to fight recklessly!
You are too injured to fight recklessly!
The jackal bites you.
The sky beast flickers out of sight!
Deactivating autopickup; reactivate with Ctrl-A.
The centaur skeleton hits you but does no damage.
A sky beast appears from thin air!
Reactivating autopickup.
The centaur zombie hits you.
You slash the centaur zombie! You headbutt the centaur zombie.
You destroy the centaur zombie!
The jackal bites you but does no damage.
You barely miss the jackal. The jackal barely misses you.
You furiously retaliate!
You headbutt the jackal, but do no damage.
The orc wizard casts a spell.
The orc wizard flickers and vanishes!
Deactivating autopickup; reactivate with Ctrl-A.
The jackal bites you but does no damage.
You barely miss the jackal. The jackal misses you.
You slash the jackal!
You kill the jackal!
You barely miss the leopard gecko. Your headbutt misses the leopard gecko.
The leopard gecko closely misses you.
You barely miss the leopard gecko. Your headbutt misses the leopard gecko.
The leopard gecko bites you but does no damage.
The crimson imp blinks!
The leopard gecko misses you.
You barely miss the leopard gecko.
The leopard gecko bites you but does no damage.
You barely miss the leopard gecko. Your headbutt misses the leopard gecko.
The leopard gecko misses you. The leopard gecko closely misses you.
You furiously retaliate!
You headbutt the leopard gecko. You barely miss the leopard gecko.
You headbutt the leopard gecko.
You kill the leopard gecko!
You hit the centaur skeleton but do no damage.
You headbutt the centaur skeleton!
The centaur skeleton is moderately damaged.
The centaur skeleton closely misses you.
You furiously retaliate!
You headbutt the centaur skeleton!
The centaur skeleton hits you but does no damage.
You slash the centaur skeleton!
You destroy the centaur skeleton!
Your Armour skill increases to level 6!
You slash the leopard gecko skeleton!
You destroy the leopard gecko skeleton!
The sky beast flickers out of sight!
Something hits you but does no damage.
You miss something. You headbutt something.
Something hits you but does no damage.
The crimson imp blinks!
You closely miss something.
A sky beast appears from thin air!
Reactivating autopickup.
The sky beast hits you. The sky beast shocks you.
You slash the sky beast! Your headbutt misses the sky beast.
The sky beast is heavily wounded.
The sky beast hits you but does no damage.
You slash the sky beast!
The sky beast is severely wounded.
The sky beast flickers out of sight!
Deactivating autopickup; reactivate with Ctrl-A.
Something hits you but does no damage.
The crimson imp blinks!
A sky beast appears from thin air!
Reactivating autopickup.
The sky beast hits you. The sky beast shocks you.
* * * LOW HITPOINT WARNING * * *
You hit the sky beast.
The sky beast is almost dead.
The sky beast flickers out of sight!
Deactivating autopickup; reactivate with Ctrl-A.
Something hits you.
* * * LOW HITPOINT WARNING * * *
Something shocks you.
* * * LOW HITPOINT WARNING * * *
Something hits you.
* * * LOW HITPOINT WARNING * * *
Something shocks you.
You die...

.... #.≈.†§..≈ .....
#.≈.....≈ .....
#.≈≈...≈≈ ......#.#≈≈≈≈
# ......#..5. #
#.#..†..#####.# #
##.............# #
.......##{####..
#######.##.#####@#
#................####..#
...####.#..#.###........
........#..#.###.####..#
...######...#.##.####..
#.## #..###.....<....
#.#######<#.#.##.####...
#............###.####
######....##.........


You could see a crimson imp.

Vanquished Creatures
  Sigmund (D:2)
  An ice beast (D:3)
  A sky beast (D:5)
  An ogre (D:4)
  A bullfrog (D:4)
  2 centaur zombies
  A centaur skeleton (D:5)
  An orc priest (D:4)
  2 hounds (D:4)
  An iguana (D:5)
  Ijyb (D:2)
  2 worker ant zombies
  4 gnolls (D:2)
  5 adders
  3 adder zombies (D:3)
  3 adder skeletons (D:3)
  2 worms (D:2)
  2 dart slugs
  A leopard gecko (D:5)
  3 orcs (D:4)
  5 bats
  4 giant cockroaches
  13 goblins
  6 hobgoblins
  5 jackals
  2 quokkas
  A ball python (D:2)
  A frilled lizard (D:2)
  A jackal zombie (D:3)
  3 kobolds
  4 leopard gecko skeletons
  2 leopard gecko zombies (D:3)
  A quokka zombie (D:3)
  7 rats
93 creatures vanquished.

Vanquished Creatures (others)
  A leopard gecko (D:5)
1 creature vanquished.

Grand Total: 94 creatures vanquished

Notes
Turn   | Place    | Note
-------+----------+-------------------------------------------
     0 | D:1      | tboon the Minotaur Fighter began the quest for the Orb.
     0 | D:1      | Reached XP level 1. HP: 19/19 MP: 0/0
   158 | D:1      | Reached XP level 2. HP: 27/27 MP: 1/1
   398 | D:2      | Reached skill level 4 in Fighting
   398 | D:2      | Reached skill level 3 in Axes
   398 | D:2      | Reached skill level 4 in Armour
   398 | D:2      | Reached skill level 1 in Dodging
   398 | D:2      | Reached XP level 3. HP: 29/33 MP: 2/2
   416 | D:2      | Noticed Ijyb
   424 | D:2      | Killed Ijyb
   424 | D:2      | Reached XP level 4. HP: 35/40 MP: 3/3
   690 | D:2      | Reached skill level 4 in Axes
   696 | D:2      | Reached skill level 2 in Dodging
   729 | D:2      | Reached XP level 5. HP: 45/47 MP: 4/4
   877 | D:2      | Noticed Sigmund
   884 | D:2      | Killed Sigmund
   884 | D:2      | Reached skill level 5 in Axes
   884 | D:2      | Reached XP level 6. HP: 49/55 MP: 5/5
  1222 | D:3      | Noticed an ice beast
  1231 | D:3      | Killed an ice beast
  1231 | D:3      | Reached skill level 5 in Fighting
  1231 | D:3      | Reached skill level 5 in Armour
  1231 | D:3      | Reached skill level 3 in Dodging
  1486 | D:3      | Found a white marble altar of Elyvilon.
  1602 | D:3      | Found a glowing golden altar of the Shining One.
  1913 | D:4      | Reached skill level 6 in Axes
  1925 | D:4      | Reached XP level 7. HP: 60/61 MP: 6/6
  2324 | D:4      | Found a burning altar of Makhleb.
  2574 | D:5      | Entered Level 5 of the Dungeon
  2621 | D:5      | Found an ancient bone altar of Kikubaaqudgha.
  2630 | D:5      | Reached skill level 7 in Axes
  2679 | D:5      | Reached skill level 4 in Dodging
  2691 | D:5      | Found a shimmering altar of Xom.
  2710 | D:5      | Reached skill level 6 in Armour
  2716 | D:5      | HP: 15/62 [sky beast (5)]
  2717 | D:5      | HP: 7/62 [something (6)]
  2718 | D:5      | HP: 3/62 [something (4)]
  2718 | D:5      | Slain by a sky beast

Vault maps used:
D:1:      saegor_arrival_miasma
D:2:      kennysheep_the_goblin_king, hangedman_decor_peaks_small, uniq_sigmund
D:3:      lemuel_coloured_pillars_altar, lemuel_crystal_altar, serial_undead,
          serial_undead_b, serial_undead_f, serial_undead_a, serial_undead_c,
          serial_undead_d, serial_undead_c, serial_undead_a, serial_undead_f,
          serial_undead_d, serial_undead_b
D:4:      lightli_temple_of_fire, minmay_misc_feat_cross
D:5:      xom_confusion_cloud, grunt_temple_overflow_open, first_bread,
          nemelex_spade_bored_becter

Skill      XL: |  1  2  3  4  5  6  7 |
---------------+----------------------+-----
Fighting       | 4 5 |  5.9
Axes           | 3 4 5 6 7 |  7.2
Armour         | 4 5 6 |  6.0
Dodging        | 1 2 3 4 |  4.1
Shields        | |  3.6

Action                   |  1- 3 |  4- 6 |  7- 9 || total
-------------------------+-------+-------+-------++-------
Melee: War axe           |    39 |   110 |    53 ||   202
       Headbutt          |     5 |    22 |    15 ||    42
  Use: Potion            |       |     1 |       ||     1
       Scroll            |       |     3 |     1 ||     4
  Eat: Chunk             |       |     3 |     2 ||     5
       Royal jelly       |       |       |     1 ||     1
Armor: Scale mail        |    24 |    50 |    23 ||    97
Dodge: Dodged            |    26 |    74 |    25 ||   125

Vault maps used:
D:1:      saegor_arrival_miasma
D:2:      kennysheep_the_goblin_king, hangedman_decor_peaks_small, uniq_sigmund
D:3:      lemuel_coloured_pillars_altar, lemuel_crystal_altar, serial_undead,
          serial_undead_b, serial_undead_f, serial_undead_a, serial_undead_c,
          serial_undead_d, serial_undead_c, serial_undead_a, serial_undead_f,
          serial_undead_d, serial_undead_b
D:4:      lightli_temple_of_fire, minmay_misc_feat_cross
D:5:      xom_confusion_cloud, grunt_temple_overflow_open, first_bread,
          nemelex_spade_bored_becter

Table legend:
 A = Turns spent in this place as a percentage of turns spent in the entire game.
 B = Non-inter-level travel turns spent in this place as a percentage of non-inter-level travel turns spent in the entire game.
 C = Inter-level travel turns spent in this place as a percentage of turns spent in this place.
 D = Turns resting spent in this place as a percentage of non-inter-level travel turns spent in this place.
 E = Turns spent auto-exploring this place as a percentage of non-inter-level travel turns spent in this place.
 F = Non-inter-level travel turns spent in this place divided by the number of levels of this place that you've seen.
                   A       B       C       D       E      F
               +-------+-------+-------+-------+-------+----------------------
         Total | 100.0 | 100.0 |   0.7 |   1.8 |  16.7 | 113.6
       Dungeon | 100.0 | 100.0 |   0.7 |   1.8 |  16.7 | 113.6
               +-------+-------+-------+-------+-------+----------------------

Table legend:
 A = Kills in this place as a percentage of kills in entire the game.
 B = Kills by you in this place as a percentage of kills by you in the entire game.
 C = Kills by friends in this place as a percentage of kills by friends in the entire game.
 D = Other kills in this place as a percentage of other kills in the entire game.
 E = Experience gained in this place as a percentage of experience gained in the entire game.
 F = Experience gained in this place divided by the number of levels of this place that you have seen.
                   A       B       C       D       E      F
               +-------+-------+-------+-------+-------+----------------------
         Total | 100.0 | 100.0 |  -nan |  -nan | 100.0 | 267.6
       Dungeon | 100.0 | 100.0 |  -nan |  -nan | 100.0 | 267.6
               +-------+-------+-------+-------+-------+----------------------
